 Dungeon Crawl Stone Soup version 0.27.1-4-g1640c2035a (webtiles) character file.

Game seed: 12066528075501979861

135 H0rd4k the Charlatan (level 5, -6/38 HPs)
             Began as a Human Artificer on Nov 18, 2021.
             Mangled by a gnoll (10 damage)
             ... on level 4 of the Dungeon.
             The game lasted 00:03:02 (3948 turns).

H0rd4k the Charlatan (Human Artificer)              Turns: 3948, Time: 00:03:02

Health: -6/38      AC:  3    Str: 13    XL:     5   Next: 41%
Magic:  5/5        EV: 12    Int: 11    God:
Gold:   232        SH:  0    Dex: 14    Spells: 4/4 levels left

rFire    . . .     SeeInvis .   o - +1 short sword (venom)
rCold    . . .     Faith    .   (no shield)
rNeg     . . .     Spirit   .   b - +0 leather armour
rPois    .         Reflect  .   (no helmet)
rElec    .         Harm     .   l - scarf {+Inv}
rCorr    .         Rampage  .   (no gloves)
Will     .....                  (no boots)
Stlth    +.........             (no amulet)
HPRegen  0.12/turn              (no ring)
MPRegen  0.09/turn              (no ring)

@: brilliant
A: no striking features
a: Evoke Invisibility


You were on level 4 of the Dungeon.
You visited 1 branch of the dungeon, and saw 4 of its levels.

You collected 232 gold pieces.

Inventory:

Hand Weapons
 i - a +0 short sword
 o - a +1 short sword of venom (weapon)
Armour
 b - a +0 leather armour (worn)
 l - a scarf of invisibility (worn)
Wands
 c - a wand of flame (6) (quivered)
 d - a wand of charming (11)
Scrolls
 a - 2 scrolls of identify {unknown}
 f - a scroll of fog {unknown}
 g - a scroll of summoning {unknown}
 k - a scroll of teleportation {unknown}
 n - a scroll of amnesia {unknown}
 r - a scroll of magic mapping {unknown}
Potions
 h - a potion of mutation {unknown}
 j - a potion of heal wounds {unknown}
 m - a potion of brilliance
 p - a potion of cancellation {unknown}
 q - a potion of magic
Miscellaneous
 e - a piece from Xom's chessboard (15/15)


   Skills:
 + Level 1.8 Fighting
 + Level 1.9 Short Blades
 - Level 2.0 Armour
 + Level 2.4 Dodging
 - Level 1.0 Stealth
 + Level 4.3 Evocations


You had 4 spell levels left.
You didn't know any spells.
Your spell library contained the following spells:

 Spells                   Type           Power      Damage    Failure   Level
 Beastly Appendage        Tmut           0%         N/A       41%         1
 Sandblast                Erth           0%         2d4       41%         1
 Passwall                 Tmut/Erth      0%         N/A       56%         2
 Wereblood                Tmut           0%         N/A       56%         2
 Ignite Poison            Fire/Tmut/Pois 0%         N/A       80%         3
 Mephitic Cloud           Conj/Pois/Air  0%         N/A       80%         3
 Spider Form              Tmut/Pois      0%         N/A       80%         3
 Bolt of Magma            Conj/Fire/Erth 0%         4d4       100%        5
 Lee's Rapid Deconstruct  Erth           0%         3d5*      100%        5
 Dispersal                Tloc           0%         N/A       100%        6
 Disjunction              Tloc           0%         N/A       100%        8


Dungeon Overview and Level Annotations

Branches:
Dungeon (4/15)
 Temple: D:4-7

Altars:
Zin

Annotations:
D:2 1 runed translucent door, exclusion: door, Crazy Yiuf


Message History

Your gnoll completely misses the gnoll.
The gnoll hits your gnoll with a +0 flail.
Your gnoll dies!
The gnoll shaman barely misses you.
You barely miss the gnoll shaman.
The gnoll shaman is moderately wounded.
The gnoll shaman hits you with a +0 whip!
You closely miss the gnoll shaman.
The gnoll shaman is moderately wounded.
The gnoll shaman hits you with a +0 whip.
You hit the gnoll shaman.
The gnoll shaman is poisoned.
The gnoll shaman is heavily wounded.
The gnoll shaman hits you with a +0 whip.
You barely miss the gnoll shaman.
The gnoll shaman is heavily wounded.
The gnoll shaman misses you.
The gnoll shaman prays to its god.
The gnoll shaman is healed somewhat.
You are no longer glowing.
The gnoll shaman utters an invocation to its god.
The gnoll shaman is healed somewhat.
The gnoll shaman utters an invocation to its god.
The gnoll shaman is healed somewhat.
There is a stone staircase leading up here.
You hit the gnoll.
The gnoll is poisoned.
The gnoll is moderately wounded.
The gnoll hits you with a +0 flail.
The gnoll shaman looks more healthy.
The gnoll shaman calls upon its god to heal the gnoll.
The gnoll's wounds heal themselves!
The gnoll hits you with a +0 flail.
The gnoll shaman calls upon its god to heal the gnoll.
The gnoll's wounds heal themselves!
The gnoll hits you with a +0 flail!
* * * LOW HITPOINT WARNING * * *
It was a potion of brilliance.
You feel clever all of a sudden. The gnoll completely misses you.
It was a potion of magic.
Magic courses through your body. The gnoll closely misses you.
The gnoll hits you with a +0 flail!
You die...

########.......#.#.gr.......#
#<.....#.......#.....#......#
#†.....#...##########.....#..
#.............# ...#.##.
#.............## .#....#
#...........g..# .#.####
#....)....g....# .##...#
#............#.##.....
####.....<...#@......#
#.........g..#.#..#
#........###.# . #........#
.# #.#####+## .# #. .. ## ##


You could see a gnoll shaman and a gnoll (fast, poisoned).

Vanquished Creatures
  An iguana (D:4)
  4 adders (D:2)
  A shadow imp (D:2)
  2 worms
  3 dart slugs
  An orc (D:2)
  2 ball pythons (D:1)
  5 endoplasms
  2 giant cockroaches (D:2)
  7 goblins
  3 hobgoblins
  4 kobolds
  3 quokkas
  6 bats
  2 frilled lizards
  A rat (D:1)
47 creatures vanquished.

Vanquished Creatures (collateral kills)
  A gnoll (D:4)
  A goblin (D:2)
  A quokka (D:4)
  A kobold (D:2)
4 creatures vanquished.

Vanquished Creatures (others)
  2 gnolls (D:4)
2 creatures vanquished.

Grand Total: 53 creatures vanquished

Notes
Turn   | Place    | Note
-------+----------+-------------------------------------------
     0 | D:1      | H0rd4k the Human Artificer began the quest for the Orb.
     0 | D:1      | Reached XP level 1. HP: 15/15 MP: 1/1
   472 | D:1      | Reached XP level 2. HP: 21/21 MP: 2/2
  1320 | D:2      | Reached XP level 3. HP: 22/26 MP: 3/3
  1850 | D:2      | Reached skill level 4 in Evocations
  1850 | D:2      | Reached XP level 4. HP: 32/32 MP: 4/4
  2264 | D:2      | Reached skill level 1 in Short Blades
  2502 | D:2      | Found a runed translucent door.
  2503 | D:2      | Noticed Crazy Yiuf
  2541 | D:3      | Found a glowing silver altar of Zin.
  2837 | D:3      | Found a faded altar of an unknown god.
  3344 | D:3      | Reached XP level 5. HP: 33/37 MP: 5/5
  3948 | D:4      | Mangled by a gnoll

Illustrated notes

Levels and vault maps discovered:
D:1:      minmay_arrival_jagged, layout_basic, minmay_pentomino_t4
D:2:      layout_rooms, minivault_27, fountainhead, minivault_4,
          uniq_crazy_yiuf_cottage
D:3:      layout_loops_cross, amcnicky_altar_gilded, serial_aquarium,
          aquarium_bridge_straight [aquarium_subvault_bridge,
          aquarium_subvault_wall, aquarium_subvault_bridge,
          aquarium_subvault_wall], aquarium_bridge_long_joined
          [aquarium_subvault_bridge, aquarium_subvault_window,
          aquarium_subvault_window, aquarium_subvault_balcony,
          aquarium_subvault_wall, aquarium_subvault_bridge],
          aquarium_window_fake, aquarium_window_corridor_3, aquarium_view_2b,
          aquarium_view_2c, aquarium_balcony_double_4,
          chequers_ecumenical_altar_simple_redux, grunt_ministairs_8
D:4:      wander_river, layout_basic, mainiacjoe_overflow_cross_hatched,
          cheibrodos_ashenzari_chains, minmay_temple_entry_junction,
          ebering_ghost_sewer_d, serial_shops, nicolae_take_the_stairs,
          uniq_duvessa

Skill      XL: |  1  2  3  4 |
---------------+-------------+-----
Evocations     | 4 |  4.3
Short Blades   | 1 |  1.9
Dodging        | 2 |  2.4
Fighting       | |  1.8
Armour         | |  2.0
Stealth        | |  1.0

Action                   |  1- 3 |  4- 6 || total
-------------------------+-------+-------++-------
Melee: Club              |    27 |       ||    27
       Short sword       |    52 |    96 ||   148
Evoke: Wand              |    10 |     3 ||    13
  Use: Potion            |       |     2 ||     2
 Stab: Sleeping          |     4 |     5 ||     9
Armor: Leather armour    |    24 |    24 ||    48
Dodge: Dodged            |    54 |    48 ||   102
